Connexion

NASHVILLE Predators vs VANCOUVER Canucks

Created - 1 octobre 2023 at 08:11

Goals
1 2 3 OT1 SO T
NASHVILLE Predators 1 0 3 0 3 5
VANCOUVER Canucks 3 1 0 0 2 4
Shots
1 2 3 OT1 SO T
NASHVILLE Predators 8 6 16 3 5 33
VANCOUVER Canucks 8 8 4 7 5 27

GoalsPenalties
1st period
1. VANCOUVER Canucks , Casey Mittelstadt 8 (Matt Duchene 10, Travis Hamonic 13) at 1:45
2. VANCOUVER Canucks , Casey Mittelstadt 9 (Matt Duchene 11, Travis Hamonic 14) at 6:26
3. VANCOUVER Canucks , Joel Eriksson EK 8 (Nate Schmidt 20, Jack Eichel 21) at 6:34
4. NASHVILLE Predators , Vladislav Namestnikov 7 (Leon Draisaitl 11, Erik Brannstrom 3) at 10:51
Kevin Labanc (NAS) for Goalie Interference (Minor) at 11:06
2nd period
5. VANCOUVER Canucks , Jack Eichel 12 (Travis Hamonic 15, Vladimir Tarasenko 6) at 14:45
Ryan Dzingel (VAN) for Hooking (Minor) at 12:01
3rd period
6. NASHVILLE Predators , Colin White 2 (Kevin Labanc 4, Matt Grzelcyk 5) at 2:34
7. NASHVILLE Predators , Leon Draisaitl 7 (Cam Fowler 13, Cal Petersen) at 6:36 (PP)
8. NASHVILLE Predators , Bryan Rust 4 (Erik Gustafsson 3, Kevin Labanc 5) at 17:12
Ryan Dzingel (VAN) for Holding (Minor) at 5:48
Matt Duchene (VAN) for Hooking (Minor) at 10:08
Overtime #1
No Goal
Shootout
NASHVILLE Predators , Vladislav Namestnikov - Goal!
VANCOUVER Canucks , Matt Duchene - Stopped by Cal Petersen
NASHVILLE Predators , Filip Forsberg - Stopped by Jeremy Swayman
VANCOUVER Canucks , Jack Eichel - Goal!
NASHVILLE Predators , Leon Draisaitl - Goal!
VANCOUVER Canucks , Joel Eriksson EK - Goal!
NASHVILLE Predators , Bryan Rust - Stopped by Jeremy Swayman
VANCOUVER Canucks , Vladimir Tarasenko - Stopped by Cal Petersen
NASHVILLE Predators , Brett Connolly - Goal!
VANCOUVER Canucks , Ryan Dzingel - Shot Misses the Net
Goalie Stats
Matt Murray (NAS), 10 saves from 14 shots - (0,714), 34:45 minutes
Cal Petersen (NAS), 13 saves from 13 shots - (1,000), W, 1-6-0, 30:15 minutes
Jeremy Swayman (VAN), 29 saves from 33 shots - (0,879), OTL, 9-6-1, 65:00 minutes
3 StarsOfficial
1 - Casey Mittelstadt (VAN)
2 - Travis Hamonic (VAN)
3 - Jack Eichel (VAN)
Referees : Kyle Rehman and Dan O'Rourke
Linesman : Dan Schachte and Greg Devorski
Game Note
Calle Jarnkrok is injured at 13:18 of 1st period (Left Hip)
Cal Petersen enters game at 14:45 of 2nd period
Finance
Level 1 -- Attendance: 5824 (97,07%) -- Ticket Income 698 880 $
Level 2 -- Attendance: 5569 (98,92%) -- Ticket Income 417 675 $
Level 3 -- Attendance: 2000 (100,00%) -- Ticket Income 90 000 $
Level 4 -- Attendance: 4000 (100,00%) -- Ticket Income 120 000 $
Luxury Box -- Attendance: 964 (96,40%) -- Ticket Income 216 900 $
Game was played at the Rogers Arena.
Total Attendance: 18357 (98,53%)
Total Ticket Income: 1 543 455 $
Other Income: 308 691 $
Total Income: 1 852 146 $



Team Name Goals Shots Shots Attemp Shots Blocked PIM HIT PP PK FO%
NASHVILLE Predators 533777291 / 3 (33%)046%
VANCOUVER Canucks 4275686180 / 1 (0%)154%

NASHVILLE Predators
Player Name POS G A P +/- PIM HIT SHT SB MP PP MP PP SHT PK MP PK SHT FO% FOT
Alexander NylanderRW000-3002013:120:0000:3500% 0
Andrew CoppC/LW000-3012014:470:1700:00037% 19
Brett ConnollyLW/RW000000205:010:0001:24067% 3
Bryan RustLW/RW1012011019:421:5800:00050% 4
Calle JarnkrokC/LW/RW000000003:140:0000:000100% 1
Cam FowlerD011-1012129:002:5811:0700% 0
Chris TanevD000-1000015:120:0000:0000% 0
Colin WhiteC/RW1012005021:151:4100:00043% 21
Erik BrannstromD0111000219:561:4800:0000% 0
Erik GustafssonD011-1000014:330:0000:5200% 0
Filip ForsbergLW0000002022:052:4810:0000% 1
Henrik BorgstromC000001003:370:0000:00050% 4
Josh MorrisseyD000-1011325:312:5811:0700% 0
Kevin LabancLW/RW0222204019:411:5810:00033% 3
Leon DraisaitlC/LW/RW1120013025:342:4820:00047% 36
Matt GrzelcykD0111013120:481:4820:5200% 0
Ryan DonatoC/LW000-3022013:120:0000:350100% 1
Vladislav NamestnikovC/LW/RW1010004026:402:4801:241100% 2
VANCOUVER Canucks
Player Name POS G A P +/- PIM HIT SHT SB MP PP MP PP SHT PK MP PK SHT FO% FOT
Ben ChiarotD000-2030116:220:0003:0300% 0
Casey MittelstadtC2022004019:260:4900:00068% 22
Devin ShoreC/LW/RW000-2000015:140:0004:0000% 0
Jack EichelC1121024124:341:1000:00038% 32
Janne KuokkanenLW0000003010:060:0000:4600% 0
Joel Eriksson EKC/LW/RW1011034017:241:1000:00050% 2
Logan ShawC/RW000000201:360:0000:00067% 3
Matt DucheneC/LW0222203022:410:4900:00063% 8
Mattias EkholmD0003010119:550:5203:0300% 0
Michael RasmussenC0000011010:130:0000:0500% 2
Nate SchmidtD0110011226:461:0711:4300% 0
Ryan DzingelC/LW/RW0002411020:020:4910:38050% 4
Ryan PulockD0001021225:530:5201:4300% 0
Tobias BjornfotD000-2000013:190:0000:0000% 0
Tomas NosekC/LW000-2000015:090:0003:55062% 13
Travis HamonicD0332021122:451:0700:0000% 0
Tyler AngleC000-2011011:220:0000:08067% 9
Vladimir TarasenkoRW0111011017:241:1000:0000% 0



Play-by-Play

1st period


0:01 of 1st period - Leon Draisaitl wins face-off versus Jack Eichel in neutral zone.
1:14 of 1st period - Shot by Ryan Dzingel.
1:14 of 1st period - Shot Blocked by Erik Brannstrom.
1:16 of 1st period - Shot by Mattias Ekholm.
1:16 of 1st period - Shot Misses the Net.
1:18 of 1st period - Shot by Travis Hamonic.
1:18 of 1st period - Shot Misses the Net.
1:35 of 1st period - Icing by Travis Hamonic.
1:36 of 1st period - Casey Mittelstadt wins face-off versus Andrew Copp in VANCOUVER Canucks zone.
1:41 of 1st period - Shot by Matt Duchene.
1:41 of 1st period - Shot Misses the Net.
1:45 of 1st period - Shot by Casey Mittelstadt.
1:45 of 1st period - Goal by Casey Mittelstadt - NASHVILLE Predators : 0 - VANCOUVER Canucks : 1.
1:46 of 1st period - Brett Connolly wins face-off versus Jack Eichel in neutral zone.
1:46 of 1st period - Brett Connolly is hit by Jack Eichel.
2:00 of 1st period - Shot by Colin White.
2:00 of 1st period - Shot Misses the Net.
2:24 of 1st period - Henrik Borgstrom is hit by Ben Chiarot and loses puck.
3:05 of 1st period - Shot by Andrew Copp.
3:05 of 1st period - Shot Blocked by Ryan Pulock.
3:07 of 1st period - Shot by Alexander Nylander.
3:07 of 1st period - Stopped by Jeremy Swayman without a rebound.
3:08 of 1st period - Casey Mittelstadt wins face-off versus Kevin Labanc in VANCOUVER Canucks zone.
3:17 of 1st period - Shot by Casey Mittelstadt.
3:17 of 1st period - Shot Blocked by Josh Morrissey.
3:43 of 1st period - Shot by Casey Mittelstadt.
3:43 of 1st period - Stopped by Matt Murray without a rebound.
3:44 of 1st period - Andrew Copp wins face-off versus Jack Eichel in NASHVILLE Predators zone.
3:44 of 1st period - Andrew Copp is hit by Vladimir Tarasenko.
6:02 of 1st period - Icing by Ryan Dzingel.
6:03 of 1st period - Casey Mittelstadt wins face-off versus Andrew Copp in VANCOUVER Canucks zone.
6:26 of 1st period - Shot by Matt Duchene.
6:26 of 1st period - Deflect By Casey Mittelstadt.
6:26 of 1st period - Goal by Casey Mittelstadt - NASHVILLE Predators : 0 - VANCOUVER Canucks : 2.
6:27 of 1st period - Jack Eichel wins face-off versus Leon Draisaitl in neutral zone.
6:34 of 1st period - Shot by Joel Eriksson EK.
6:34 of 1st period - Goal by Joel Eriksson EK - NASHVILLE Predators : 0 - VANCOUVER Canucks : 3.
6:35 of 1st period - Jack Eichel wins face-off versus Bryan Rust in neutral zone.
6:44 of 1st period - Shot by Joel Eriksson EK.
6:44 of 1st period - Stopped by Matt Murray with a rebound.
7:21 of 1st period - Shot by Joel Eriksson EK.
7:21 of 1st period - Shot Misses the Net.
8:03 of 1st period - Shot by Leon Draisaitl.
8:03 of 1st period - Shot Hit the Post.
9:06 of 1st period - Shot by Alexander Nylander.
9:06 of 1st period - Stopped by Jeremy Swayman without a rebound.
9:07 of 1st period - Brett Connolly wins face-off versus Jack Eichel in VANCOUVER Canucks zone.
9:25 of 1st period - Henrik Borgstrom is hit by Michael Rasmussen and loses puck.
9:35 of 1st period - Icing by Cam Fowler.
9:36 of 1st period - Henrik Borgstrom wins face-off versus Ryan Dzingel in NASHVILLE Predators zone.
9:56 of 1st period - Icing by Josh Morrissey.
9:57 of 1st period - Jack Eichel wins face-off versus Henrik Borgstrom in NASHVILLE Predators zone.
10:17 of 1st period - Off-side.
10:18 of 1st period - Leon Draisaitl wins face-off versus Casey Mittelstadt in neutral zone.
10:25 of 1st period - Shot by Filip Forsberg.
10:25 of 1st period - Stopped by Jeremy Swayman without a rebound.
10:26 of 1st period - Jack Eichel wins face-off versus Leon Draisaitl in VANCOUVER Canucks zone.
10:31 of 1st period - Shot by Jack Eichel.
10:31 of 1st period - Shot Misses the Net.
10:43 of 1st period - Shot by Vladislav Namestnikov.
10:43 of 1st period - Shot Misses the Net.
10:49 of 1st period - Shot by Leon Draisaitl.
10:49 of 1st period - Shot Misses the Net.
10:51 of 1st period - Shot by Vladislav Namestnikov.
10:51 of 1st period - Goal by Vladislav Namestnikov - NASHVILLE Predators : 1 - VANCOUVER Canucks : 3.
10:52 of 1st period - Calle Jarnkrok wins face-off versus Ryan Dzingel in neutral zone.
11:06 of 1st period - Minor Penalty to Kevin Labanc for Goalie Interference.
11:07 of 1st period - Vladislav Namestnikov wins face-off versus Joel Eriksson EK in NASHVILLE Predators zone.
11:30 of 1st period - Shot by Brett Connolly.
11:30 of 1st period - Shot Misses the Net.
11:32 of 1st period - Shot by Vladislav Namestnikov.
11:32 of 1st period - Shot Misses the Net.
11:34 of 1st period - Shot by Brett Connolly.
11:34 of 1st period - Shot Misses the Net.
11:36 of 1st period - Shot by Vladislav Namestnikov.
11:36 of 1st period - Shot Misses the Net.
11:38 of 1st period - Shot by Vladislav Namestnikov.
11:38 of 1st period - Stopped by Jeremy Swayman without a rebound.
11:39 of 1st period - Vladislav Namestnikov wins face-off versus Casey Mittelstadt in VANCOUVER Canucks zone.
11:39 of 1st period - Vladislav Namestnikov is hit by Ryan Pulock.
11:57 of 1st period - Shot by Mattias Ekholm.
11:57 of 1st period - Shot Blocked by Matt Grzelcyk.
12:11 of 1st period - Shot by Ryan Dzingel.
12:11 of 1st period - Stopped by Matt Murray with a rebound.
12:13 of 1st period - Shot by Mattias Ekholm.
12:13 of 1st period - Shot Misses the Net.
12:15 of 1st period - Shot by Ryan Pulock.
12:15 of 1st period - Shot Blocked by Josh Morrissey.
12:17 of 1st period - Shot by Matt Duchene.
12:17 of 1st period - Shot Misses the Net.
12:49 of 1st period - Matt Grzelcyk is hit by Joel Eriksson EK and loses puck.
13:02 of 1st period - Shot by Nate Schmidt.
13:02 of 1st period - Stopped by Matt Murray without a rebound.
13:03 of 1st period - Ryan Donato wins face-off versus Jack Eichel in NASHVILLE Predators zone.
13:17 of 1st period - Calle Jarnkrok is hit by Ben Chiarot and loses puck.
13:18 of 1st period - Calle Jarnkrok from NASHVILLE Predators is injured at 13:18 of 1st period (Left Hip).
13:19 of 1st period - Jack Eichel wins face-off versus Andrew Copp in VANCOUVER Canucks zone.
13:36 of 1st period - Shot by Andrew Copp.
13:36 of 1st period - Deflect By Ryan Donato.
13:36 of 1st period - Shot Misses the Net.
13:38 of 1st period - Shot by Ryan Donato.
13:38 of 1st period - Shot Misses the Net.
13:40 of 1st period - Shot by Andrew Copp.
13:40 of 1st period - Shot Misses the Net.
13:42 of 1st period - Shot by Alexander Nylander.
13:42 of 1st period - Deflect By Ryan Donato.
13:42 of 1st period - Stopped by Jeremy Swayman without a rebound.
13:43 of 1st period - Colin White wins face-off versus Casey Mittelstadt in VANCOUVER Canucks zone.
13:54 of 1st period - Shot by Kevin Labanc.
13:54 of 1st period - Stopped by Jeremy Swayman without a rebound.
13:55 of 1st period - Leon Draisaitl wins face-off versus Jack Eichel in VANCOUVER Canucks zone.
14:38 of 1st period - Shot by Filip Forsberg.
14:38 of 1st period - Shot Blocked by Travis Hamonic.
14:50 of 1st period - Travis Hamonic is hit by Bryan Rust and loses puck.
15:15 of 1st period - Shot by Bryan Rust.
15:15 of 1st period - Shot Blocked by Nate Schmidt.
15:17 of 1st period - Shot by Bryan Rust.
15:17 of 1st period - Deflect By Colin White.
15:17 of 1st period - Stopped by Jeremy Swayman without a rebound.
15:18 of 1st period - Tyler Angle wins face-off versus Andrew Copp in VANCOUVER Canucks zone.
15:44 of 1st period - Icing by Chris Tanev.
15:45 of 1st period - Matt Duchene wins face-off versus Andrew Copp in NASHVILLE Predators zone.
16:00 of 1st period - Casey Mittelstadt is hit by Andrew Copp and loses puck.
16:11 of 1st period - Shot by Alexander Nylander.
16:11 of 1st period - Shot Misses the Net.
16:18 of 1st period - Icing by Ryan Pulock.
16:19 of 1st period - Leon Draisaitl wins face-off versus Matt Duchene in VANCOUVER Canucks zone.
16:34 of 1st period - Off-side.
16:35 of 1st period - Jack Eichel wins face-off versus Colin White in neutral zone.
16:58 of 1st period - Shot by Vladimir Tarasenko.
16:58 of 1st period - Shot Misses the Net.
17:00 of 1st period - Shot by Travis Hamonic.
17:00 of 1st period - Deflect By Jack Eichel.
17:00 of 1st period - Shot Misses the Net.
17:02 of 1st period - Shot by Vladimir Tarasenko.
17:02 of 1st period - Shot Misses the Net.
17:11 of 1st period - Erik Brannstrom is hit by Mattias Ekholm and loses puck.
17:40 of 1st period - Joel Eriksson EK is hit by Leon Draisaitl and loses puck.
17:54 of 1st period - Vladislav Namestnikov is hit by Travis Hamonic and loses puck.
18:39 of 1st period - Shot by Ryan Dzingel.
18:39 of 1st period - Shot Misses the Net.
18:41 of 1st period - Shot by Matt Duchene.
18:41 of 1st period - Stopped by Matt Murray without a rebound.
18:42 of 1st period - Colin White wins face-off versus Tyler Angle in NASHVILLE Predators zone.
18:42 of 1st period - Matt Grzelcyk is hit by Tyler Angle and loses puck.
18:48 of 1st period - Icing by Erik Brannstrom.
18:49 of 1st period - Casey Mittelstadt wins face-off versus Colin White in NASHVILLE Predators zone.
Goals for this period are 1 for NASHVILLE Predators vs 3 for VANCOUVER Canucks .
Shots for this period are 8 for NASHVILLE Predators vs 8 for VANCOUVER Canucks .

2nd period


0:01 of 2nd period - Leon Draisaitl wins face-off versus Jack Eichel in neutral zone.
0:26 of 2nd period - Shot by Michael Rasmussen.
0:26 of 2nd period - Deflect By Jack Eichel.
0:26 of 2nd period - Shot Misses the Net.
0:28 of 2nd period - Shot by Travis Hamonic.
0:28 of 2nd period - Stopped by Matt Murray with a rebound.
1:02 of 2nd period - Icing by Matt Duchene.
1:03 of 2nd period - Colin White wins face-off versus Casey Mittelstadt in VANCOUVER Canucks zone.
1:32 of 2nd period - Icing by Erik Brannstrom.
1:33 of 2nd period - Tyler Angle wins face-off versus Colin White in NASHVILLE Predators zone.
3:30 of 2nd period - Shot by Jack Eichel.
3:30 of 2nd period - Stopped by Matt Murray without a rebound.
3:31 of 2nd period - Casey Mittelstadt wins face-off versus Colin White in NASHVILLE Predators zone.
3:40 of 2nd period - Shot by Matt Duchene.
3:40 of 2nd period - Shot Misses the Net.
3:46 of 2nd period - Shot by Matt Duchene.
3:46 of 2nd period - Shot Misses the Net.
3:56 of 2nd period - Shot by Casey Mittelstadt.
3:56 of 2nd period - Shot Misses the Net.
5:11 of 2nd period - Off-side.
5:12 of 2nd period - Leon Draisaitl wins face-off versus Tyler Angle in neutral zone.
5:40 of 2nd period - Icing by Vladislav Namestnikov.
5:41 of 2nd period - Casey Mittelstadt wins face-off versus Leon Draisaitl in NASHVILLE Predators zone.
5:50 of 2nd period - Shot by Casey Mittelstadt.
5:50 of 2nd period - Shot Misses the Net.
6:04 of 2nd period - Shot by Casey Mittelstadt.
6:04 of 2nd period - Deflect By Matt Duchene.
6:04 of 2nd period - Shot Misses the Net.
6:19 of 2nd period - Icing by Ben Chiarot.
6:20 of 2nd period - Casey Mittelstadt wins face-off versus Colin White in VANCOUVER Canucks zone.
6:42 of 2nd period - Icing by Kevin Labanc.
6:43 of 2nd period - Colin White wins face-off versus Jack Eichel in NASHVILLE Predators zone.
6:55 of 2nd period - Kevin Labanc is hit by Joel Eriksson EK and loses puck.
7:06 of 2nd period - Shot by Jack Eichel.
7:06 of 2nd period - Stopped by Matt Murray without a rebound.
7:07 of 2nd period - Tyler Angle wins face-off versus Andrew Copp in NASHVILLE Predators zone.
7:38 of 2nd period - Shot by Tyler Angle.
7:38 of 2nd period - Stopped by Matt Murray without a rebound.
7:39 of 2nd period - Jack Eichel wins face-off versus Leon Draisaitl in NASHVILLE Predators zone.
7:43 of 2nd period - Icing by Josh Morrissey.
7:44 of 2nd period - Jack Eichel wins face-off versus Leon Draisaitl in NASHVILLE Predators zone.
8:25 of 2nd period - Shot by Leon Draisaitl.
8:25 of 2nd period - Shot Misses the Net.
9:03 of 2nd period - Shot by Mattias Ekholm.
9:03 of 2nd period - Shot Misses the Net.
9:06 of 2nd period - Icing by Erik Brannstrom.
9:07 of 2nd period - Tyler Angle wins face-off versus Colin White in NASHVILLE Predators zone.
10:08 of 2nd period - Icing by Alexander Nylander.
10:09 of 2nd period - Andrew Copp wins face-off versus Jack Eichel in NASHVILLE Predators zone.
10:13 of 2nd period - Icing by Chris Tanev.
10:14 of 2nd period - Andrew Copp wins face-off versus Jack Eichel in NASHVILLE Predators zone.
10:23 of 2nd period - Off-side.
10:24 of 2nd period - Leon Draisaitl wins face-off versus Michael Rasmussen in neutral zone.
10:39 of 2nd period - Shot by Filip Forsberg.
10:39 of 2nd period - Shot Misses the Net.
11:34 of 2nd period - Shot by Matt Grzelcyk.
11:34 of 2nd period - Stopped by Jeremy Swayman without a rebound.
11:35 of 2nd period - Casey Mittelstadt wins face-off versus Kevin Labanc in VANCOUVER Canucks zone.
11:46 of 2nd period - Shot by Casey Mittelstadt.
11:46 of 2nd period - Stopped by Matt Murray with a rebound.
12:01 of 2nd period - Minor Penalty to Ryan Dzingel for Hooking.
12:02 of 2nd period - Tomas Nosek wins face-off versus Leon Draisaitl in VANCOUVER Canucks zone.
12:13 of 2nd period - Shot by Matt Grzelcyk.
12:13 of 2nd period - Stopped by Jeremy Swayman without a rebound.
12:14 of 2nd period - Tomas Nosek wins face-off versus Colin White in VANCOUVER Canucks zone.
12:37 of 2nd period - Shot by Cam Fowler.
12:37 of 2nd period - Stopped by Jeremy Swayman without a rebound.
12:38 of 2nd period - Tomas Nosek wins face-off versus Leon Draisaitl in VANCOUVER Canucks zone.
12:46 of 2nd period - Icing by Matt Grzelcyk.
12:47 of 2nd period - Leon Draisaitl wins face-off versus Tomas Nosek in NASHVILLE Predators zone.
12:54 of 2nd period - Shot by Filip Forsberg.
12:54 of 2nd period - Shot Blocked by Nate Schmidt.
13:00 of 2nd period - Shot by Matt Grzelcyk.
13:00 of 2nd period - Stopped by Jeremy Swayman without a rebound.
13:01 of 2nd period - Colin White wins face-off versus Tomas Nosek in VANCOUVER Canucks zone.
13:04 of 2nd period - Shot by Kevin Labanc.
13:04 of 2nd period - Stopped by Jeremy Swayman without a rebound.
13:05 of 2nd period - Leon Draisaitl wins face-off versus Tomas Nosek in VANCOUVER Canucks zone.
13:14 of 2nd period - Shot by Cam Fowler.
13:14 of 2nd period - Shot Misses the Net.
13:24 of 2nd period - Shot by Leon Draisaitl.
13:24 of 2nd period - Shot Misses the Net.
13:26 of 2nd period - Shot by Leon Draisaitl.
13:26 of 2nd period - Stopped by Jeremy Swayman without a rebound.
13:27 of 2nd period - Tomas Nosek wins face-off versus Colin White in VANCOUVER Canucks zone.
13:33 of 2nd period - Icing by Bryan Rust.
13:34 of 2nd period - Tomas Nosek wins face-off versus Colin White in NASHVILLE Predators zone.
13:49 of 2nd period - Off-side.
13:50 of 2nd period - Tomas Nosek wins face-off versus Leon Draisaitl in neutral zone.
14:45 of 2nd period - Shot by Jack Eichel.
14:45 of 2nd period - Goal by Jack Eichel - NASHVILLE Predators : 1 - VANCOUVER Canucks : 4.
14:45 of 2nd period - Cal Petersen enters game.
14:46 of 2nd period - Casey Mittelstadt wins face-off versus Filip Forsberg in neutral zone.
15:29 of 2nd period - Shot by Vladislav Namestnikov.
15:29 of 2nd period - Shot Misses the Net.
15:31 of 2nd period - Shot by Cam Fowler.
15:31 of 2nd period - Shot Misses the Net.
16:29 of 2nd period - Icing by Bryan Rust.
16:30 of 2nd period - Joel Eriksson EK wins face-off versus Colin White in NASHVILLE Predators zone.
16:33 of 2nd period - Shot by Vladimir Tarasenko.
16:33 of 2nd period - Deflect By Jack Eichel.
16:33 of 2nd period - Shot Misses the Net.
16:38 of 2nd period - Icing by Matt Grzelcyk.
16:39 of 2nd period - Colin White wins face-off versus Jack Eichel in NASHVILLE Predators zone.
16:39 of 2nd period - Colin White is hit by Joel Eriksson EK.
16:51 of 2nd period - Shot by Jack Eichel.
16:51 of 2nd period - Stopped by Cal Petersen with a rebound.
16:53 of 2nd period - Shot by Jack Eichel.
16:53 of 2nd period - Deflect By Vladimir Tarasenko.
16:53 of 2nd period - Stopped by Cal Petersen without a rebound.
16:54 of 2nd period - Leon Draisaitl wins face-off versus Casey Mittelstadt in NASHVILLE Predators zone.
16:54 of 2nd period - Filip Forsberg is hit by Ryan Dzingel and loses puck.
19:02 of 2nd period - Shot by Bryan Rust.
19:02 of 2nd period - Shot Misses the Net.
19:11 of 2nd period - Tomas Nosek is hit by Matt Grzelcyk and loses puck.
19:40 of 2nd period - Matt Duchene is hit by Josh Morrissey and loses puck.
Goals for this period are 0 for NASHVILLE Predators vs 1 for VANCOUVER Canucks .
Shots for this period are 6 for NASHVILLE Predators vs 8 for VANCOUVER Canucks .

3rd period


0:01 of 3rd period - Leon Draisaitl wins face-off versus Jack Eichel in neutral zone.
0:13 of 3rd period - Icing by Nate Schmidt.
0:14 of 3rd period - Jack Eichel wins face-off versus Brett Connolly in VANCOUVER Canucks zone.
0:14 of 3rd period - Jack Eichel is hit by Henrik Borgstrom.
0:31 of 3rd period - Colin White is hit by Nate Schmidt and loses puck.
0:56 of 3rd period - Shot by Brett Connolly.
0:56 of 3rd period - Stopped by Jeremy Swayman without a rebound.
0:57 of 3rd period - Casey Mittelstadt wins face-off versus Leon Draisaitl in VANCOUVER Canucks zone.
1:01 of 3rd period - Travis Hamonic is hit by Cam Fowler and loses puck.
1:15 of 3rd period - Shot by Casey Mittelstadt.
1:15 of 3rd period - Shot Blocked by Cam Fowler.
1:17 of 3rd period - Shot by Mattias Ekholm.
1:17 of 3rd period - Shot Blocked by Josh Morrissey.
2:32 of 3rd period - Shot by Kevin Labanc.
2:32 of 3rd period - Shot Blocked by Ben Chiarot.
2:34 of 3rd period - Shot by Colin White.
2:34 of 3rd period - The goal is going for a video replay.
2:34 of 3rd period - The goal is good.
2:34 of 3rd period - Goal by Colin White - NASHVILLE Predators : 2 - VANCOUVER Canucks : 4.
2:35 of 3rd period - Andrew Copp wins face-off versus Jack Eichel in neutral zone.
2:46 of 3rd period - Shot by Andrew Copp.
2:46 of 3rd period - Stopped by Jeremy Swayman without a rebound.
2:47 of 3rd period - Colin White wins face-off versus Jack Eichel in VANCOUVER Canucks zone.
3:04 of 3rd period - Shot by Bryan Rust.
3:04 of 3rd period - Deflect By Colin White.
3:04 of 3rd period - Stopped by Jeremy Swayman with a rebound.
3:06 of 3rd period - Shot by Colin White.
3:06 of 3rd period - Stopped by Jeremy Swayman without a rebound.
3:07 of 3rd period - Casey Mittelstadt wins face-off versus Andrew Copp in VANCOUVER Canucks zone.
3:24 of 3rd period - Shot by Ryan Donato.
3:24 of 3rd period - Stopped by Jeremy Swayman with a rebound.
4:02 of 3rd period - Icing by Mattias Ekholm.
4:03 of 3rd period - Colin White wins face-off versus Casey Mittelstadt in VANCOUVER Canucks zone.
4:06 of 3rd period - Shot by Kevin Labanc.
4:06 of 3rd period - Shot Misses the Net.
4:08 of 3rd period - Shot by Cam Fowler.
4:08 of 3rd period - Stopped by Jeremy Swayman without a rebound.
4:09 of 3rd period - Leon Draisaitl wins face-off versus Jack Eichel in VANCOUVER Canucks zone.
4:17 of 3rd period - Leon Draisaitl is hit by Ryan Pulock and loses puck.
5:14 of 3rd period - Shot by Colin White.
5:14 of 3rd period - Shot Misses the Net.
5:16 of 3rd period - Shot by Kevin Labanc.
5:16 of 3rd period - Stopped by Jeremy Swayman without a rebound.
5:17 of 3rd period - Tyler Angle wins face-off versus Andrew Copp in VANCOUVER Canucks zone.
5:37 of 3rd period - Icing by Erik Gustafsson.
5:38 of 3rd period - Casey Mittelstadt wins face-off versus Andrew Copp in NASHVILLE Predators zone.
5:48 of 3rd period - Minor Penalty to Ryan Dzingel for Holding.
5:49 of 3rd period - Leon Draisaitl wins face-off versus Tomas Nosek in VANCOUVER Canucks zone.
5:54 of 3rd period - Shot by Vladislav Namestnikov.
5:54 of 3rd period - Shot Blocked by Mattias Ekholm.
5:56 of 3rd period - Shot by Filip Forsberg.
5:56 of 3rd period - Stopped by Jeremy Swayman without a rebound.
5:57 of 3rd period - Tomas Nosek wins face-off versus Leon Draisaitl in VANCOUVER Canucks zone.
6:36 of 3rd period - Shot by Cam Fowler.
6:36 of 3rd period - Deflect By Leon Draisaitl.
6:36 of 3rd period - Goal by Leon Draisaitl - NASHVILLE Predators : 3 - VANCOUVER Canucks : 4.
6:37 of 3rd period - Jack Eichel wins face-off versus Colin White in neutral zone.
7:36 of 3rd period - Icing by Colin White.
7:37 of 3rd period - Ryan Dzingel wins face-off versus Bryan Rust in NASHVILLE Predators zone.
7:38 of 3rd period - Shot by Mattias Ekholm.
7:38 of 3rd period - Shot Blocked by Erik Brannstrom.
8:55 of 3rd period - Off-side.
8:56 of 3rd period - Andrew Copp wins face-off versus Jack Eichel in neutral zone.
9:47 of 3rd period - Icing by Nate Schmidt.
9:48 of 3rd period - Jack Eichel wins face-off versus Leon Draisaitl in VANCOUVER Canucks zone.
10:05 of 3rd period - Shot by Matt Duchene.
10:05 of 3rd period - Stopped by Cal Petersen with a rebound.
10:08 of 3rd period - Minor Penalty to Matt Duchene for Hooking.
10:09 of 3rd period - Tomas Nosek wins face-off versus Leon Draisaitl in VANCOUVER Canucks zone.
11:04 of 3rd period - Shot by Matt Grzelcyk.
11:04 of 3rd period - Shot Misses the Net.
11:06 of 3rd period - Shot by Erik Brannstrom.
11:06 of 3rd period - Shot Misses the Net.
11:08 of 3rd period - Shot by Kevin Labanc.
11:08 of 3rd period - Shot Misses the Net.
11:50 of 3rd period - Shot by Josh Morrissey.
11:50 of 3rd period - Stopped by Jeremy Swayman without a rebound.
11:51 of 3rd period - Kevin Labanc wins face-off versus Tomas Nosek in VANCOUVER Canucks zone.
12:22 of 3rd period - Shot by Joel Eriksson EK.
12:22 of 3rd period - Stopped by Cal Petersen without a rebound.
12:23 of 3rd period - Casey Mittelstadt wins face-off versus Leon Draisaitl in NASHVILLE Predators zone.
12:55 of 3rd period - Off-side.
12:56 of 3rd period - Henrik Borgstrom wins face-off versus Jack Eichel in neutral zone.
13:01 of 3rd period - Shot by Henrik Borgstrom.
13:01 of 3rd period - Deflect By Brett Connolly.
13:01 of 3rd period - Shot Misses the Net.
13:03 of 3rd period - Shot by Brett Connolly.
13:03 of 3rd period - Shot Misses the Net.
13:05 of 3rd period - Shot by Henrik Borgstrom.
13:05 of 3rd period - Shot Blocked by Jack Eichel.
13:07 of 3rd period - Shot by Brett Connolly.
13:07 of 3rd period - Stopped by Jeremy Swayman without a rebound.
13:08 of 3rd period - Colin White wins face-off versus Jack Eichel in VANCOUVER Canucks zone.
13:12 of 3rd period - Icing by Jack Eichel.
13:13 of 3rd period - Bryan Rust wins face-off versus Jack Eichel in VANCOUVER Canucks zone.
13:20 of 3rd period - Shot by Ryan Pulock.
13:20 of 3rd period - Stopped by Cal Petersen without a rebound.
13:21 of 3rd period - Leon Draisaitl wins face-off versus Jack Eichel in NASHVILLE Predators zone.
13:34 of 3rd period - Shot by Joel Eriksson EK.
13:34 of 3rd period - Stopped by Cal Petersen without a rebound.
13:35 of 3rd period - Ryan Dzingel wins face-off versus Colin White in NASHVILLE Predators zone.
13:47 of 3rd period - Bryan Rust is hit by Travis Hamonic and loses puck.
14:11 of 3rd period - Shot by Kevin Labanc.
14:11 of 3rd period - Stopped by Jeremy Swayman with a rebound.
14:59 of 3rd period - Vladislav Namestnikov is hit by Jack Eichel and loses puck.
15:22 of 3rd period - Shot by Filip Forsberg.
15:22 of 3rd period - Shot Misses the Net.
15:24 of 3rd period - Shot by Leon Draisaitl.
15:24 of 3rd period - Shot Blocked by Ryan Pulock.
15:26 of 3rd period - Shot by Vladislav Namestnikov.
15:26 of 3rd period - Stopped by Jeremy Swayman with a rebound.
15:28 of 3rd period - Shot by Filip Forsberg.
15:28 of 3rd period - Shot Misses the Net.
15:51 of 3rd period - Jack Eichel is hit by Ryan Donato and loses puck.
16:00 of 3rd period - Icing by Erik Gustafsson.
16:01 of 3rd period - Andrew Copp wins face-off versus Casey Mittelstadt in NASHVILLE Predators zone.
16:08 of 3rd period - Matt Duchene is hit by Ryan Donato and loses puck.
16:22 of 3rd period - Off-side.
16:23 of 3rd period - Tyler Angle wins face-off versus Henrik Borgstrom in neutral zone.
16:35 of 3rd period - Cam Fowler is hit by Ben Chiarot and loses puck.
16:47 of 3rd period - Off-side.
16:48 of 3rd period - Casey Mittelstadt wins face-off versus Leon Draisaitl in neutral zone.
17:00 of 3rd period - Shot by Vladislav Namestnikov.
17:00 of 3rd period - Shot Misses the Net.
17:02 of 3rd period - Shot by Leon Draisaitl.
17:02 of 3rd period - Shot Misses the Net.
17:04 of 3rd period - Shot by Vladislav Namestnikov.
17:04 of 3rd period - Stopped by Jeremy Swayman without a rebound.
17:05 of 3rd period - Bryan Rust wins face-off versus Tyler Angle in VANCOUVER Canucks zone.
17:12 of 3rd period - Shot by Bryan Rust.
17:12 of 3rd period - Goal by Bryan Rust - NASHVILLE Predators : 4 - VANCOUVER Canucks : 4.
17:13 of 3rd period - Casey Mittelstadt wins face-off versus Leon Draisaitl in neutral zone.
17:20 of 3rd period - Off-side.
17:21 of 3rd period - Jack Eichel wins face-off versus Leon Draisaitl in neutral zone.
17:51 of 3rd period - Shot by Leon Draisaitl.
17:51 of 3rd period - Shot Misses the Net.
18:35 of 3rd period - Shot by Bryan Rust.
18:35 of 3rd period - Shot Misses the Net.
19:33 of 3rd period - Shot by Tyler Angle.
19:33 of 3rd period - Shot Misses the Net.
19:45 of 3rd period - Shot by Ryan Donato.
19:45 of 3rd period - Shot Misses the Net.
Goals for this period are 3 for NASHVILLE Predators vs 0 for VANCOUVER Canucks .
Shots for this period are 16 for NASHVILLE Predators vs 4 for VANCOUVER Canucks .

Overtime #1


0:01 of 1st overtime period - Matt Duchene wins face-off versus Leon Draisaitl in neutral zone.
0:18 of 1st overtime period - Shot by Michael Rasmussen.
0:18 of 1st overtime period - Stopped by Cal Petersen with a rebound.
0:20 of 1st overtime period - Shot by Michael Rasmussen.
0:20 of 1st overtime period - Shot Misses the Net.
0:28 of 1st overtime period - Shot by Matt Duchene.
0:28 of 1st overtime period - Stopped by Cal Petersen without a rebound.
0:29 of 1st overtime period - Leon Draisaitl wins face-off versus Matt Duchene in NASHVILLE Predators zone.
0:48 of 1st overtime period - Shot by Vladislav Namestnikov.
0:48 of 1st overtime period - Shot Misses the Net.
1:29 of 1st overtime period - Shot by Andrew Copp.
1:29 of 1st overtime period - Shot Hit the Post.
1:33 of 1st overtime period - Shot by Colin White.
1:33 of 1st overtime period - Deflect By Andrew Copp.
1:33 of 1st overtime period - Stopped by Jeremy Swayman without a rebound.
1:34 of 1st overtime period - Logan Shaw wins face-off versus Leon Draisaitl in VANCOUVER Canucks zone.
1:39 of 1st overtime period - Shot by Janne Kuokkanen.
1:39 of 1st overtime period - Shot Hit the Post.
1:53 of 1st overtime period - Shot by Logan Shaw.
1:53 of 1st overtime period - Stopped by Cal Petersen without a rebound.
1:54 of 1st overtime period - Leon Draisaitl wins face-off versus Logan Shaw in NASHVILLE Predators zone.
1:59 of 1st overtime period - Shot by Leon Draisaitl.
1:59 of 1st overtime period - Stopped by Jeremy Swayman without a rebound.
2:00 of 1st overtime period - Leon Draisaitl wins face-off versus Matt Duchene in VANCOUVER Canucks zone.
2:59 of 1st overtime period - Shot by Janne Kuokkanen.
2:59 of 1st overtime period - Stopped by Cal Petersen without a rebound.
3:00 of 1st overtime period - Logan Shaw wins face-off versus Andrew Copp in NASHVILLE Predators zone.
3:21 of 1st overtime period - Shot by Logan Shaw.
3:21 of 1st overtime period - Stopped by Cal Petersen without a rebound.
3:22 of 1st overtime period - Matt Duchene wins face-off versus Andrew Copp in NASHVILLE Predators zone.
3:25 of 1st overtime period - Shot by Janne Kuokkanen.
3:25 of 1st overtime period - Stopped by Cal Petersen without a rebound.
3:26 of 1st overtime period - Matt Duchene wins face-off versus Leon Draisaitl in NASHVILLE Predators zone.
4:29 of 1st overtime period - Shot by Janne Kuokkanen.
4:29 of 1st overtime period - Stopped by Cal Petersen without a rebound.
4:30 of 1st overtime period - Matt Duchene wins face-off versus Andrew Copp in NASHVILLE Predators zone.
4:51 of 1st overtime period - Shot by Andrew Copp.
4:51 of 1st overtime period - Deflect By Colin White.
4:51 of 1st overtime period - Stopped by Jeremy Swayman without a rebound.
4:52 of 1st overtime period - Andrew Copp wins face-off versus Michael Rasmussen in VANCOUVER Canucks zone.
4:55 of 1st overtime period - Shot by Andrew Copp.
4:55 of 1st overtime period - Shot Misses the Net.
Goals for this period are 0 for NASHVILLE Predators vs 0 for VANCOUVER Canucks .
Shots for this period are 3 for NASHVILLE Predators vs 7 for VANCOUVER Canucks .

ShootOut


5:00 of 1st overtime period - Round #1.
5:00 of 1st overtime period - NASHVILLE Predators , Vladislav Namestnikov.
5:00 of 1st overtime period - Goal by Vladislav Namestnikov.
5:00 of 1st overtime period - VANCOUVER Canucks , Matt Duchene.
5:00 of 1st overtime period - Stopped by Cal Petersen.
5:00 of 1st overtime period - Round #2.
5:00 of 1st overtime period - NASHVILLE Predators , Filip Forsberg.
5:00 of 1st overtime period - Stopped by Jeremy Swayman.
5:00 of 1st overtime period - VANCOUVER Canucks , Jack Eichel.
5:00 of 1st overtime period - Goal by Jack Eichel.
5:00 of 1st overtime period - Round #3.
5:00 of 1st overtime period - NASHVILLE Predators , Leon Draisaitl.
5:00 of 1st overtime period - Goal by Leon Draisaitl.
5:00 of 1st overtime period - VANCOUVER Canucks , Joel Eriksson EK.
5:00 of 1st overtime period - Goal by Joel Eriksson EK.
5:00 of 1st overtime period - Round #4.
5:00 of 1st overtime period - NASHVILLE Predators , Bryan Rust.
5:00 of 1st overtime period - Stopped by Jeremy Swayman.
5:00 of 1st overtime period - VANCOUVER Canucks , Vladimir Tarasenko.
5:00 of 1st overtime period - Stopped by Cal Petersen.
5:00 of 1st overtime period - Round #5.
5:00 of 1st overtime period - NASHVILLE Predators , Brett Connolly.
5:00 of 1st overtime period - Goal by Brett Connolly.
5:00 of 1st overtime period - VANCOUVER Canucks , Ryan Dzingel.
5:00 of 1st overtime period - Shot Misses the Net.